 Dungeon Sprint DCSS version 0.21-a0-70-g32e1473 (webtiles) character file.

7398 Kidiri the Eclecticist (level 10, -3/60 HPs)
             Began as a Deep Elf Fire Elementalist on June 18, 2017.
             Was the Champion of Vehumet.
             Succumbed to a redback's poison
             ... in the Dungeon (Sprint III: "The Ten Rune Challenge").
             The game lasted 00:15:08 (2955 turns).

Kidiri the Eclecticist (Deep Elf Fire Elementalist) Turns: 2955, Time: 00:15:09

Health: -3/60      AC:  3    Str:  5    XL:     10   Next: 92%
Magic:  23/32      EV: 19    Int: 26    God:    Vehumet [******]
Gold:   28         SH:  0    Dex: 15    Spells: 5/41 levels left

rFire    . . .     SeeInvis +   m - +0 dagger
rCold    . . .     Gourm    .   (no shield)
rNeg     . . .     Faith    .   a - +0 robe
rPois    .         Spirit   .   (no helmet)
rElec    .         Reflect  .   (no cloak)
rCorr    .         Harm     .   (no gloves)
MR       +....     NoTele   +   (no boots)
Stlth    ++........             (no amulet)
HPRegen  0.20/turn              (no ring)
MPRegen  0.23/turn              (no ring)

@: lethally poisoned (-3 -> -71)
A: slimy green scales 1, see invisible, clever 1, deformed body, wild magic 1
a: Renounce Religion


You were in the Dungeon.
You worshipped Vehumet.
Vehumet was exalted by your worship.
You were not hungry.

You visited 1 branch You collected 28 gold pieces.

Inventory:

Hand Weapons
 m - a +0 dagger (weapon)
Armour
 a - a +0 robe (worn)
Wands
 r - a wand of iceblast (9/15)
Scrolls
 l - a scroll of torment
 n - 4 scrolls of remove curse
 p - a scroll of immolation
Potions
 f - a potion of haste
 g - 2 potions of magic
 h - a potion of berserk rage
 j - a potion of cancellation
 o - 3 potions of flight
 s - a potion of brilliance {unknown}
Books
 i - a book of Minor Magic

   Spells                             Type                      Level
   a - Magic Dart                     Conjuration                  1
   b - Blink                          Translocation                2
   c - Call Imp                       Summoning                    2
   d - Slow                           Hexes                        2
   e - Conjure Flame                  Conjuration/Fire             3
   f - Mephitic Cloud                 Conjuration/Poison/Air       3
Comestibles
 b - 26 royal jellies
 c - a bread ration
 d - 3 chunks of flesh
 q - a meat ration


   Skills:
 + Level 6.2 Fighting
 + Level 7.8 Short Blades
 + Level 6.4 Armour
 + Level 9.8 Dodging
 - Level 2.4 Stealth
 * Level 16.4 Spellcasting
 + Level 10.4 Conjurations
 + Level 10.9 Fire Magic
 + Level 7.7 Air Magic
 + Level 4.0 Earth Magic
 + Level 8.1 Poison Magic


You had 5 spell levels left.
You knew the following spells:

 Your Spells              Type           Power        Failure   Level  Hunger
a - Flame Tongue          Conj/Fire      #####        1%          1    None
b - Throw Flame           Conj/Fire      ######       1%          2    None
c - Conjure Flame         Conj/Fire      #######.     1%          3    None
d - Inner Flame           Hex/Fire       ######..     1%          3    None
e - Sticky Flame          Conj/Fire      #######.     1%          4    None
f - Fireball              Conj/Fire      #######...   1%          5    None
g - Bolt of Magma         Conj/Fire/Erth ######....   1%          5    None
h - Shock                 Conj/Air       ####         1%          1    None
i - Airstrike             Air            ######....   1%          4    None
j - Lee's Rapid Deconstr  Erth           ######....   4%          5    None
k - Mephitic Cloud        Conj/Pois/Air  ######..     1%          3    None


Dungeon Overview and Level Annotations

Branches:
Dungeon (1/1)

Altars:
Cheibriados
Dithmenos
Elyvilon
Fedhas
Gozag
Hepliaklqana
Kikubaaqudgha
Makhleb
Nemelex Xobeh
Okawaru
Qazlal
Ru
Sif Muna
Trog
Uskayaw
Vehumet
Wu Jian
Xom
Yredelemnul
Zin
The Shining One
Beogh
Jiyva
Lugonu

Annotations:
D exclusion: door


Innate Abilities, Weirdness & Mutations

You are partially covered in slimy green scales. (AC +2)
You have supernaturally acute eyesight. (SInv)
Your mind is acute. (Int +2)
Armour fits poorly on your strangely shaped body.
Your spells are a little harder to cast, but a little more powerful.


Message History

The redback poisons you!
Okay, then.
Casting: Sticky Flame
Confirm with . or Enter, or press ? or * to list all spells.
Aiming: Bolt of Magma
Press: ? - help, Shift-Dir - straight line, f/p - redback
Aim: a redback (severely wounded, covered in liquid flames, clinging)
The bolt of magma hits the redback.
You kill the redback!
Vehumet accepts your kill.
Vehumet offers you knowledge of Conjure Ball Lightning.
You feel your power returning.
The tree burns like a torch!
* * * LOW HITPOINT WARNING * * *
You feel very sick.
Casting: Bolt of Magma
Confirm with . or Enter, or press ? or * to list all spells.
Aiming: Fireball
Press: ? - help, Shift-Dir - straight line The tree burns like a torch!
The fireball explodes!
You smell burning wood.
You die...

▓▓▓▓▓▓▓▓▓▓▓▓▓▓▓▓▓▓▓▓▓▓▓▓▓▓▓▓▓▓
♣♣≈≈≈........≈≈≈...
+♣♣'♣≈≈≈≈≈≈≈≈≈≈≈≈♣♣P.
#.≈.♣♣♣♣§§♣♣♣♣♣♣♣♣♣PP #...♣♣
§§§♣ ♣♣♣ ###+.♣♣§§§ ♣♣♣♣.##..#
♣...##†##.# ♣♣.##@## # ♣..#.##
♣♣.##.# ♣♣.##.# ♣.....#
#######


There were no monsters in sight!

Vanquished Creatures
  Erolcha (D)
  A lindwurm (D)
  A deep elf mage (D)
  2 spiny frogs (D)
  A komodo dragon (D)
  3 wandering mushrooms (D)
  A queen bee (D)
  2 tyrant leeches (D)
  A shadow (D)
  5 redbacks (D)
  A spatial vortex (D)
  A necrophage (D)
  5 two-headed ogres (D)
  A water elemental (D)
  32 killer bees (D)
  A jelly (D)
  Jessica (D)
  A necromancer (D)
  A wizard (D)
  A kobold demonologist (D)
  3 humans (D)
  A wolf (D)
  An ooze (D)
  2 rats (D)
70 creatures vanquished.

Vanquished Creatures (others)
  2 draconian scorchers (D)
  2 yaktaurs (D)
  6 hellions (D)
10 creatures vanquished.

Grand Total: 80 creatures vanquished

Notes
Turn   | Place    | Note
-------+----------+-------------------------------------------
     0 | D        | Kidiri the Deep Elf Fire Elementalist began the quest for the Orb.
     0 | D        | Reached XP level 1. HP: 10/10 MP: 6/6
     9 | D        | Reached skill level 4 in Spellcasting
    77 | D        | Noticed Jessica
    83 | D        | Killed Jessica
    83 | D        | Reached skill level 6 in Spellcasting
    83 | D        | Reached XP level 2. HP: 15/15 MP: 3/11
    83 | D        | Reached XP level 3. HP: 19/19 MP: 3/12
    87 | D        | Learned a level 2 spell: Throw Flame
    89 | D        | Killed a hellion
    91 | D        | Learned a level 3 spell: Conjure Flame
    95 | D        | Learned a level 3 spell: Inner Flame
    98 | D        | Killed a hellion
    99 | D        | Killed a hellion
   100 | D        | Killed a hellion
   100 | D        | Killed a hellion
   101 | D        | Killed a hellion
   112 | D        | Killed a yaktaur
   163 | D        | Reached skill level 7 in Spellcasting
   163 | D        | Reached skill level 5 in Fire Magic
   164 | D        | Killed a white draconian scorcher
   213 | D        | Killed a white draconian scorcher
   253 | D        | Gained mutation: Your spells are a little harder to cast, but a little more powerful. [potion of mutation]
   253 | D        | Gained mutation: You have large cloven feet. [potion of mutation]
   254 | D        | Lost mutation: You have large cloven feet. [potion of mutation]
   254 | D        | Lost mutation: Your spells are a little harder to cast, but a little more powerful. [potion of mutation]
   254 | D        | Gained mutation: Armour fits poorly on your strangely shaped body. [potion of mutation]
   254 | D        | Gained mutation: You have sharp toenails. [potion of mutation]
   255 | D        | Lost mutation: Armour fits poorly on your strangely shaped body. [potion of mutation]
   255 | D        | Lost mutation: You have sharp toenails. [potion of mutation]
   255 | D        | Gained mutation: Armour fits poorly on your strangely shaped body. [potion of mutation]
   255 | D        | Gained mutation: Your flesh is cold resistant. (rC+) [potion of mutation]
   255 | D        | Gained mutation: You are resistant to electric shocks. (rElec) [potion of mutation]
   255 | D        | Gained mutation: You have a pair of small antennae on your head. [potion of mutation]
   256 | D        | Lost mutation: Armour fits poorly on your strangely shaped body. [potion of mutation]
   256 | D        | Lost mutation: You have a pair of small antennae on your head. [potion of mutation]
   256 | D        | Lost mutation: Your flesh is cold resistant. (rC+) [potion of mutation]
   256 | D        | Lost mutation: You are resistant to electric shocks. (rElec) [potion of mutation]
   256 | D        | Gained mutation: You have supernaturally acute eyesight. (SInv) [potion of mutation]
   256 | D        | Gained mutation: You are partially covered in molten scales. (AC +2) [potion of mutation]
   256 | D        | Gained mutation: Your muscles are strong. (Str +2) [potion of mutation]
   257 | D        | Lost mutation: You are partially covered in molten scales. (AC +2) [potion of mutation]
   257 | D        | Lost mutation: Your muscles are strong. (Str +2) [potion of mutation]
   257 | D        | Gained mutation: Your spells are a little harder to cast, but a little more powerful. [potion of mutation]
   257 | D        | Gained mutation: Armour fits poorly on your strangely shaped body. [potion of mutation]
   257 | D        | Gained mutation: Your mind is acute. (Int +2) [potion of mutation]
   257 | D        | Gained mutation: You are partially covered in slimy green scales. (AC +2) [potion of mutation]
   266 | D        | Noticed a water elemental
   277 | D        | Killed a water elemental
   277 | D        | Reached skill level 9 in Spellcasting
   277 | D        | Reached skill level 5 in Conjurations
   277 | D        | Reached XP level 4. HP: 24/24 MP: 11/17
   283 | D        | Learned a level 4 spell: Sticky Flame
   323 | D        | Found a radiant altar of Vehumet.
   324 | D        | Found a deep blue altar of Sif Muna.
   324 | D        | Found an ancient bone altar of Kikubaaqudgha.
   324 | D        | Noticed a wizard
   325 | D        | Killed a wizard
   325 | D        | Reached XP level 5. HP: 28/28 MP: 14/19
   326 | D        | Noticed a soul eater
   328 | D        | Reached skill level 10 in Spellcasting
   343 | D        | Learned a level 5 spell: Fireball
   347 | D        | Learned a level 3 spell: Mephitic Cloud
   349 | D        | Became a worshipper of Vehumet
   530 | D        | Found a glowing silver altar of Zin.
   531 | D        | Found a glowing golden altar of the Shining One.
   531 | D        | Found a white marble altar of Elyvilon.
   531 | D        | Noticed a deep elf mage
   537 | D        | Killed a deep elf mage
   537 | D        | Reached skill level 11 in Spellcasting
   537 | D        | Reached XP level 6. HP: 36/36 MP: 14/22
   537 | D        | Reached XP level 7. HP: 40/40 MP: 15/24
   582 | D        | Found an ornate altar of the Wu Jian Council.
   582 | D        | Found a roughly hewn altar of Beogh.
   582 | D        | Found an iron altar of Okawaru.
   582 | D        | Found a bloodstained altar of Trog.
   582 | D        | Found a hide-covered altar of Uskayaw.
   582 | D        | Noticed a human
   585 | D        | Noticed a human
   592 | D        | Killed a human
   592 | D        | Reached skill level 5 in Dodging
   592 | D        | Reached skill level 12 in Spellcasting
   601 | D        | Killed a human
   601 | D        | Reached * piety under Vehumet
   601 | D        | Offered knowledge of Freeze by Vehumet.
   723 | D        | Found a basalt altar of Yredelemnul.
   723 | D        | Found a shadowy altar of Dithmenos.
   723 | D        | Found a sacrificial altar of Ru.
   783 | D        | Offered knowledge of Shock by Vehumet.
   783 | D        | Reached ** piety under Vehumet
   783 | D        | Reached XP level 8. HP: 45/45 MP: 20/26
   786 | D        | Learned a level 1 spell: Shock
   828 | D        | Found a blossoming altar of Fedhas.
   828 | D        | Found a stormy altar of Qazlal.
   828 | D        | Found a snail-covered altar of Cheibriados.
   828 | D        | Found a burning altar of Makhleb.
   828 | D        | Found a shimmering altar of Xom.
   829 | D        | Found a hazy altar of Hepliaklqana.
   829 | D        | Found an opulent altar of Gozag.
   829 | D        | Found a sparkling altar of Nemelex Xobeh.
   829 | D        | Found a corrupted altar of Lugonu.
   829 | D        | Found a viscous altar of Jiyva.
   843 | D        | Reached skill level 13 in Spellcasting
   843 | D        | Reached skill level 5 in Poison Magic
   921 | D        | Offered knowledge of Searing Ray by Vehumet.
   922 | D        | Reached *** piety under Vehumet
   993 | D        | Noticed a two-headed ogre
   999 | D        | Killed a two-headed ogre
   999 | D        | Reached skill level 5 in Short Blades
   999 | D        | Reached skill level 5 in Air Magic
  1021 | D        | Noticed a two-headed ogre
  1032 | D        | Killed a two-headed ogre
  1032 | D        | Reached XP level 9. HP: 31/51 MP: 12/28
  1142 | D        | Noticed Erolcha
  1153 | D        | Killed Erolcha
  1153 | D        | Offered knowledge of Airstrike by Vehumet.
  1153 | D        | Reached skill level 5 in Fighting
  1153 | D        | Reached skill level 14 in Spellcasting
  1360 | D        | Reached **** piety under Vehumet
  1360 | D        | Reached skill level 5 in Armour
  1366 | D        | Learned a level 4 spell: Airstrike
  1403 | D        | Offered knowledge of Fulminant Prism by Vehumet.
  1467 | D        | Reached ***** piety under Vehumet
  1521 | D        | Offered knowledge of Lightning Bolt by Vehumet.
  1705 | D        | Reached skill level 15 in Spellcasting
  1720 | D        | Reached skill level 10 in Fire Magic
  1841 | D        | Noticed a queen bee
  1848 | D        | Killed a queen bee
  1848 | D        | Offered knowledge of Bolt of Magma by Vehumet.
  1848 | D        | Reached XP level 10. HP: 40/59 MP: 24/31
  1859 | D        | Learned a level 5 spell: Bolt of Magma
  2086 | D        | Reached skill level 1 in Earth Magic
  2086 | D        | Reached ****** piety under Vehumet
  2106 | D        | Offered knowledge of Bolt of Cold by Vehumet.
  2558 | D        | Noticed a spiny frog
  2558 | D        | Noticed a spiny frog
  2561 | D        | Offered knowledge of Lee's Rapid Deconstruction by Vehumet.
  2561 | D        | Reached skill level 10 in Conjurations
  2561 | D        | Killed a spiny frog
  2561 | D        | Killed a spiny frog
  2561 | D        | Reached skill level 16 in Spellcasting
  2571 | D        | Learned a level 5 spell: Lee's Rapid Deconstruction
  2934 | D        | Noticed a lindwurm
  2939 | D        | Killed a lindwurm
  2954 | D        | Offered knowledge of Conjure Ball Lightning by Vehumet.
  2954 | D        | HP: 2/60 [poisoned by a redback]
  2955 | D        | Succumbed to a redback's poison

Vault maps used:
D:        dungeon_sprint_mu

Skill      XL: |  1  2  3  4  5  6  7  8  9 10 |
---------------+-------------------------------+-----
Spellcasting   | 6 9 11 12 13 15 16 | 16.4
Conjurations   | 3 5 7 8 9 10 | 10.4
Fire Magic     | 4 6 7 8 9 10 | 10.9
Fighting       | 2 3 4 5 6 |  6.2
Short Blades   | 3 4 5 6 7 |  7.8
Armour         | 2 3 4 5 6 |  6.4
Dodging        | 4 5 7 8 9 |  9.8
Air Magic      | 3 4 5 6 7 |  7.7
Poison Magic   | 3 4 5 7 8 |  8.1
Earth Magic    | 4 |  4.0
Stealth        | |  2.4

Action                   |  1- 3 |  4- 6 |  7- 9 | 10-12 || total
-------------------------+-------+-------+-------+-------++-------
Melee: Unarmed           |       |     1 |       |       ||     1
       Dagger            |       |       |     3 |     8 ||    11
 Cast: Flame Tongue      |    18 |     1 |   114 |     7 ||   140
       Conjure Flame     |     1 |       |    13 |     2 ||    16
       Throw Flame       |     1 |       |       |     1 ||     2
       Sticky Flame      |       |     3 |    17 |     9 ||    29
       Inner Flame       |       |       |     2 |     3 ||     5
       Mephitic Cloud    |       |       |     2 |     1 ||     3
       Airstrike         |       |       |     1 |     1 ||     2
       Bolt of Magma     |       |       |       |    15 ||    15
       Fireball          |       |       |       |     1 ||     1
  Use: Potion            |     5 |       |     1 |     2 ||     8
       Scroll            |     4 |       |       |       ||     4
  Eat: Chunk             |       |       |     1 |     1 ||     2
       Bread ration      |       |       |     1 |       ||     1
Armor: Robe              |       |       |     2 |       ||     2
Dodge: Dodged            |     5 |     1 |    45 |    41 ||    92
